 Dungeon Crawl Stone Soup version 0.20.0-15-g7f486f2 (webtiles) character file.

28 Euphorazine the Insei (level 3, 0/17 HPs)
             Began as a Vine Stalker Transmuter on July 4, 2017.
             Slain by an adder (2 damage)
             ... on level 2 of the Dungeon.
             The game lasted 00:09:56 (1430 turns).

Euphorazine the Insei (Vine Stalker Transmuter)     Turns: 1430, Time: 00:09:57

Health: 0/17       AC:  2    Str: 12    XL:     3   Next: 12%
Magic:  0/7        EV: 12    Int: 14    God:
Gold:   18         SH:  0    Dex: 14    Spells: 0/6 levels left

rFire    . . .     SeeInvis .     - Unarmed
rCold    . . .     Gourm    .   (no shield)
rNeg     . . .     Faith    .   b - +0 robe
rPois    .         Spirit   +   (no helmet)
rElec    .         Reflect  .   (no cloak)
rCorr    .         Harm     .   (no gloves)
MR       .....                  (boots currently unavailable)
Stlth    +.........             (no amulet)
Regen    0.1/turn               (no ring)
MPRegen  0.1/turn               (no ring)

@: appendage (expiring)
A: fangs 2, talons 3, magic shield, antimagic bite, no potion heal 3, rot
immunity
a: End Transformation


You were on level 2 of the Dungeon.
You were very hungry.
You had grown temporary talons.
You visited 1 branch of the dungeon, and saw 2 of its levels.

You collected 18 gold pieces.

Inventory:

Hand Weapons
 l - a +2 vampiric dagger
Missiles
 a - 8 arrows
Armour
 b - a +0 robe (worn)
 m - a +0 helmet
Scrolls
 e - a scroll of enchant armour {unknown}
 g - a scroll of identify {unknown}
 h - a scroll of amnesia {unknown}
 j - a scroll of immolation {unknown}
 o - a scroll of magic mapping {unknown}
Potions
 f - a potion of brilliance {unknown}
 i - a potion of agility {unknown}
 k - a potion of flight {unknown}
 n - 2 potions of might {unknown}
Books
 c - a book of Changes

   Spells                             Type                      Level
   a - Beastly Appendage              Transmutation                1
   b - Sticks to Snakes               Transmutation                2
   c - Spider Form                    Transmutation/Poison         3
   d - Ice Form                       Ice/Transmutation            4
   e - Blade Hands                    Transmutation                5
Comestibles
 d - a bread ration


   Skills:
 - Level 0.8 Fighting
 - Level 1.5 Dodging
 * Level 3.7 Unarmed Combat
 - Level 2.1 Spellcasting
 + Level 2.6 Transmutations


You couldn't memorise any spells.
You knew the following spells:

 Your Spells              Type           Power        Failure   Level  Hunger
a - Beastly Appendage     Tmut           #.....       8%          1    #......
b - Sticks to Snakes      Tmut           #.......     12%         2    ###....
c - Spider Form           Tmut/Pois      #.........   38%         3    ###....


Dungeon Overview and Level Annotations

Branches:
Dungeon (2/15)

Altars:


Innate Abilities, Weirdness & Mutations

You have extremely sharp teeth.
When hurt, damage is shared between your health and your magic reserves.
Your bite disrupts and absorbs the magic of your enemies.
Potions cannot restore your health.
You are immune to rotting.
You have claws for feet.


Message History

The adder closely misses you. The adder bites you.
You hit the adder but do no damage.
The adder is severely wounded.
The adder bites you.
You barely miss the adder. Your bite misses the adder.
The adder is severely wounded.
The adder misses you.
You hit the adder. You claw the adder. Your bite misses the adder.
The adder is almost dead.
Your transformation is almost over.
The adder bites you.
You completely miss the adder.
The adder is almost dead.
The adder closely misses you. The adder bites you.
You hit the adder but do no damage.
The adder is almost dead.
The adder bites you.
* * * LOW HITPOINT WARNING * * *
The adder bites you.
You die...

#.......#
#...S....#
#.......#
#.######.#
#.......#
#.#.####.#
#.......#
#.#....#.#
#.......#
#)#.##.#.#
#.#+#'#.#
#.#..?...#
#.....#.#
#.#....###
###.###.#
#.#S###### #.#
#.#####?@........
#.#
#................
#.#
#########.....###
#.# #####.# #.#
.# #.###########
# #).........<#
#############


You could see an adder.

Vanquished Creatures
  A dart slug (D:1)
  2 leopard geckos (D:1)
  6 bats (D:1)
  2 giant cockroaches (D:1)
  4 hobgoblins (D:1)
  2 frilled lizards (D:1)
  3 kobolds (D:1)
  3 rats (D:1)
23 creatures vanquished.

Vanquished Creatures (collateral kills)
  A goblin (D:2)
1 creature vanquished.

Grand Total: 24 creatures vanquished

Notes
Turn   | Place    | Note
-------+----------+-------------------------------------------
     0 | D:1      | Euphorazine the Vine Stalker Transmuter began the quest for the Orb.
     0 | D:1      | Reached XP level 1. HP: 9/9 MP: 4/4
   322 | D:1      | Reached XP level 2. HP: 8/14 MP: 4/6
  1154 | D:1      | Reached XP level 3. HP: 17/17 MP: 5/7
  1183 | D:1      | Learned a level 2 spell: Sticks to Snakes
  1187 | D:1      | Learned a level 3 spell: Spider Form
  1430 | D:2      | Slain by an adder

Action                   || total
-------------------------++-------
Melee: Unarmed           ||    91
       Bite              ||    23
       Kick              ||     7
       Headbutt          ||     2
       Punch             ||     1
 Cast: Beastly Appendage ||    17
       Sticks to Snakes  ||     4
  Eat: Chunk             ||     1
Armor: Robe              ||    30
Dodge: Dodged            ||    77
